 Dungeon Crawl Stone Soup version 0.18-a0-750-g37044d6 (webtiles) character file.

7042 Banto the Bringer of Law (level 11, -5/81 HPs)
             Began as a Human Monk on Dec 12, 2015.
             Was the Champion of Zin.
             Slain by an unseen horror (9 damage)
             ... on level 10 of the Dungeon.
             The game lasted 00:25:59 (8925 turns).

Banto the Bringer of Law (Human Monk)               Turns: 8925, Time: 00:25:59

Health: -5/81      AC: 11    Str: 11    XL:     11   Next: 29%
Magic:  19/19      EV: 18    Int: 11    God:    Zin [******]
Gold:   214        SH:  0    Dex: 19    Spells: 0 memorised, 10 levels left

rFire  + . .     SeeInvis .       - Unarmed
rCold  . . .     Clarity  .     v - +2 leather armour {rF+}
rNeg   + . .     SustAt   .     (no shield)
rPois  +         Gourm    .     j - +1 helmet
rElec  .         Spirit   .     i - +1 cloak
rCorr  .         Dismiss  .     q - +0 pair of gloves
rMut   .         Stasis   .     (no boots)
MR     .....                    D - amulet of regeneration
Stlth  ++........               u - ring of poison resistance
                                p - ring of positive energy

@: not resistant to hostile enchantments, unstealthy
A: no striking features
a: Recite, Vitalisation, Imprison, Sanctuary, Donate Gold, Cure All Mutations,
Renounce Religion


You were on level 10 of the Dungeon.
You worshipped Zin.
Zin was exalted by your worship.
You were hungry.

You visited 2 branches of the dungeon, and saw 11 of its levels.
You also visited: Ossuary.

You collected 481 gold pieces.
You donated 267 gold pieces to Zin.

Inventory:

Hand Weapons
 A - a +0 hunting sling
Missiles
 e - 167 stones (quivered)
 k - 26 sling bullets
 B - 4 throwing nets
Armour
 i - a +1 cloak (worn)
 j - a +1 helmet (worn)
 q - a +0 pair of gloves (worn)
 v - a +2 leather armour of fire resistance (worn)
 z - a +1 leather armour of cold resistance
 G - a +2 shield
Jewellery
 p - a ring of positive energy (left hand)
 u - a ring of poison resistance (right hand)
 D - an amulet of regeneration (around neck)
Wands
 o - a wand of frost (17)
Scrolls
 f - 7 scrolls of teleportation
 y - 2 scrolls of remove curse
 C - 2 scrolls of amnesia
 E - a scroll of magic mapping
 H - a scroll of recharging
Potions
 a - a potion of magic
 c - 4 potions of haste
 g - 3 potions of flight
 l - a potion of brilliance
 n - 3 potions of curing
 r - 3 potions of agility
 s - a potion of cancellation
 w - a potion of resistance
Comestibles
 d - 12 bread rations
 h - 6 meat rations
 m - 8 beef jerkies
 t - 2 slices of pizza
 x - 2 fruits


   Skills:
 - Level 5.6 Fighting
 - Level 5.1 Armour
 - Level 8.1 Dodging
 - Level 2.0 Stealth
 - Level 8.6 Unarmed Combat
 + Level 11.5 Invocations


You had 10 spell levels left.
You didn't know any spells.

Dungeon Overview and Level Annotations

Branches:
Dungeon (10/15)            Temple (1/1) D:5
   Lair: D:8-11         Orc: D:9-12

Altars:
Ashenzari
Cheibriados
Dithmenos
Elyvilon
Fedhas
Gozag
Kikubaaqudgha
Makhleb
Nemelex Xobeh
Okawaru
Pakellas
Qazlal
Ru
Sif Muna
Trog
Vehumet
Xom
Yredelemnul
Zin
The Shining One

Shops:
D:9 ?

Annotations:
D:6 HYDRA
D:9 Gastronok


Message History

* * * LOW HITPOINT WARNING * * *
Something barely misses you.
Drink which item? (? for menu, Esc to quit)
You feel better. Something barely misses you.
Drink which item? (? for menu, Esc to quit)
You feel better. Something completely misses you. Something barely misses you.
You swing at nothing.
Something hits you but does no damage. Something hits you.
* * * LOW HITPOINT WARNING * * *
You swing at nothing.
Something hits you but does no damage. Something closely misses you.
You swing at nothing.
Something hits you but does no damage.
You swing at nothing.
You swing at nothing.
Something hits you but does no damage.
You swing at nothing.
Something hits you.
* * * LOW HITPOINT WARNING * * *
Something hits you!
* * * LOW HITPOINT WARNING * * *
Something hits you!
You die...

...............<.................
############.#########.?........#
#.#.......#..........#
#)#.##.##.#..........#
#.#.#.#.#.#..).......#
#))..#⌠#).'..........#
###.#.#.#.#..........#
#.##.##.#..........#
#..@....#..........#
#########..........#
#...........# #...........#
#...........# #.......(...#
#..[........# #...........#
#...........#


There were no monsters in sight!

Vanquished Creatures
  The ghost of ordcoder the Carver, a novice TeCK of Xom (D:9)
  An unseen horror (D:10)
  Pikel (D:7)
  A hill giant (D:9)
  Maurice (D:10)
  The ghost of Oper80 the Vexing, a novice DsEn of Dithmenos (D:5)
  A two-headed ogre (D:8)
  Grinder (D:4)
  Sigmund (D:4)
  A wraith (Ossuary)
  2 deep elf magi
  2 sky beasts (D:8)
  2 slaves (D:7)
  A necrophage (D:10)
  2 ice beasts
  5 ogres
  A centaur (D:5)
  A big kobold (D:10)
  3 giant frogs
  2 wyvern skeletons
  The ghost of Banto the Skirmisher, a weakling DgWn (D:3)
  4 wights (D:10)
  A scorpion (D:4)
  A killer bee (D:6)
  A crimson imp (D:8)
  4 hounds
  3 orc priests
  2 giant frog skeletons (D:4)
  5 orc wizards
  5 centaur skeletons
  3 iguanas
  7 worker ants
  A hound zombie (D:7)
  A worker ant zombie (D:5)
  2 mummies
  3 gnolls (D:3)
  17 adders
  2 shadow imps
  3 worms (D:2)
  7 giant geckos
  18 orcs
  A ball python (D:1)
  3 bats
  6 giant cockroaches
  7 goblins
  2 hobgoblins
  2 jackals (D:3)
  11 kobolds
  4 giant newts
  4 gnoll skeletons (Ossuary)
  9 kobold skeletons (Ossuary)
  A kobold zombie (D:8)
  12 orc skeletons (Ossuary)
  An orc zombie (D:8)
  4 quokkas
  8 rats
197 creatures vanquished.

Vanquished Creatures (others)
  A pillar of salt (D:10)
1 creature vanquished.

Grand Total: 198 creatures vanquished

Notes
Turn   | Place    | Note
--------------------------------------------------------------
     0 | D:1      | Banto the Human Monk began the quest for the Orb.
     0 | D:1      | Reached XP level 1. HP: 18/18 MP: 1/1
   223 | D:1      | Reached XP level 2. HP: 20/24 MP: 2/2
   822 | D:2      | Reached XP level 3. HP: 22/29 MP: 3/3
  1120 | D:2      | Reached XP level 4. HP: 24/35 MP: 4/4
  1624 | D:2      | Found a deep blue altar of Sif Muna.
  1705 | D:3      | Reached XP level 5. HP: 30/41 MP: 5/5
  1837 | D:3      | Reached skill level 5 in Unarmed Combat
  1848 | D:3      | Found a shattered altar of Ashenzari.
  2099 | D:3      | Found an oddly glowing altar of Pakellas.
  2137 | D:3      | Found an iron altar of Okawaru.
  2499 | D:3      | Noticed Banto's ghost (weakling DgWn)
  2527 | D:3      | Killed Banto's ghost
  2527 | D:3      | Reached skill level 5 in Dodging
  2527 | D:3      | Reached XP level 6. HP: 26/47 MP: 6/6
  2797 | D:4      | Noticed Sigmund
  2916 | D:4      | Killed Sigmund
  2916 | D:4      | Reached skill level 6 in Unarmed Combat
  2916 | D:4      | Reached XP level 7. HP: 27/52 MP: 7/7
  3749 | D:4      | Noticed Grinder
  3757 | D:4      | Paralysed by Grinder for 6 turns
  3771 | D:4      | Killed Grinder
  3771 | D:4      | Reached skill level 7 in Unarmed Combat
  3771 | D:4      | Reached XP level 8. HP: 44/58 MP: 8/8
  4090 | D:5      | Entered Level 5 of the Dungeon
  4210 | D:5      | Found a staircase to the Ecumenical Temple.
  4323 | D:5      | Reached skill level 8 in Unarmed Combat
  4340 | Temple   | Entered the Ecumenical Temple
  4438 | Temple   | Became a worshipper of Zin the Law-Giver
  4438 | Temple   | Reached * piety under Zin
  4438 | Temple   | Reached ** piety under Zin
  4438 | Temple   | Reached *** piety under Zin
  4612 | D:5      | Noticed Oper80's ghost (novice DsEn)
  4666 | D:5      | Killed Oper80's ghost
  4666 | D:5      | Reached XP level 9. HP: 52/63 MP: 9/9
  4760 | D:5      | Found a burning altar of Makhleb.
  4760 | D:5      | Noticed a balrug
  4763 | D:5      | Noticed a hellwing
  4792 | D:5      | Reached skill level 1 in Armour
  4884 | D:6      | Noticed a seven-headed hydra
  5174 | D:7      | Found an opulent altar of Gozag.
  5220 | D:7      | Reached **** piety under Zin
  5789 | D:8      | Noticed Pikel
  5863 | D:7      | Killed Pikel
  5863 | D:7      | Reached skill level 5 in Fighting
  5964 | D:8      | Found a sand-covered staircase.
  5968 | Ossuary  | Entered an ossuary
  6140 | Ossuary  | Reached skill level 5 in Armour
  6140 | Ossuary  | Reached skill level 1 in Invocations
  6140 | Ossuary  | Reached XP level 10. HP: 72/76 MP: 9/11
  6235 | D:8      | Reached ***** piety under Zin
  6929 | D:9      | Noticed Gastronok
  6983 | D:9      | Reached skill level 5 in Invocations
  7010 | D:9      | Noticed a hill giant
  7012 | D:9      | Noticed ordcoder's ghost (novice TeCK)
  7419 | D:9      | Killed a hill giant
  7582 | D:9      | Killed ordcoder's ghost
  7684 | D:9      | Found Raaj's Magic Scroll Shop.
  7935 | D:9      | Found a glowing golden altar of the Shining One.
  7935 | D:9      | Found a stormy altar of Qazlal.
  8043 | D:10     | Entered Level 10 of the Dungeon
  8114 | D:10     | Noticed Maurice
  8177 | D:9      | Donated 198 gold pieces to Zin
  8243 | D:10     | Paralysed by Maurice for 7 turns
  8432 | D:10     | Reached skill level 9 in Invocations
  8509 | D:10     | Reached XP level 11. HP: 72/81 MP: 18/18
  8531 | D:10     | Killed Maurice
  8531 | D:10     | Reached skill level 10 in Invocations
  8572 | D:10     | Killed an unseen horror
  8608 | D:10     | Reached ****** piety under Zin
  8776 | D:10     | Reached skill level 11 in Invocations
  8914 | D:10     | HP: 1/81 [something (9)]
  8924 | D:10     | HP: 4/81 [something (11)]
  8925 | D:10     | Slain by an unseen horror

Vault maps used:
D:1:      dpeg_arrival_rooms_c
D:2:      led_sif_pool, first_bread, fountainhead
D:3:      lemuel_round_altar, cheibrodos_ashenzari_chains, lemuel_doored_altar
D:4:      grunt_ministairs_14, uniq_sigmund, uniq_grinder
D:5:      makhleb_altar_promises_db, minmay_temple_entry_large_hall
D:6:      kennysheep_path_1, uniq_duvessa
D:7:      nicolae_gozag_seed_capital, grunt_ogre_cave
D:8:      nicolae_ossuary_entry_giza, uniq_pikel
D:9:      gammafunk_temple_overflow_elements, serial_shops, shop, uniq_gastronok
D:10:     kennysheep_generic_room_9, uniq_maurice
Temple:   circular_temple_12
Ossuary:  ossuary_due_mausoleum

Action                   |  1- 3 |  4- 6 |  7- 9 | 10-12 || total
-------------------------+-------+-------+-------+-------++-------
Melee: Unarmed           |   112 |   146 |   376 |   416 ||  1050
 Fire: Hunting sling     |    11 |    81 |    38 |     4 ||   134
Throw: Stone             |       |       |     4 |       ||     4
Invok: Recite            |       |       |     3 |    18 ||    21
       Vitalisation      |       |       |       |     2 ||     2
       Donate Gold       |       |       |       |     1 ||     1
Evoke: Wand              |       |       |     2 |       ||     2
  Use: Potion            |     2 |       |     1 |     5 ||     8
       Scroll            |     4 |     3 |     3 |    12 ||    22
 Stab: Sleeping          |     3 |       |     4 |     2 ||     9
       Distracted        |       |       |     1 |     1 ||     2
       Confused          |       |       |       |     5 ||     5
  Eat: Chunk             |     1 |     6 |    10 |     8 ||    25
       Royal jelly       |       |       |       |     1 ||     1
